 Dungeon Crawl Stone Soup version 0.29-a0-365-gd383c6f (webtiles) character file.

Game seed: 8709038921731834692

4 lyrin the Conjurer (level 1, -1/9 HPs)
             Began as a Vine Stalker Conjurer on Apr 30, 2022.
             Slain by a hobgoblin (3 damage)
             ... on level 1 of the Dungeon.
             The game lasted 00:00:56 (977 turns).

lyrin the Conjurer (Vine Stalker Conjurer)           Turns: 977, Time: 00:00:58

Health: -1/9       AC:  2    Str:  9    XL:     1   Next: 70%
Magic:  0/4        EV: 12    Int: 18    God:
Gold:   32         SH:  0    Dex: 12    Spells: 3/4 levels left

rFire   . . .      SeeInvis .   (no weapon)
rCold   . . .      Faith    .   (no shield)
rNeg    . . .      Spirit   +   a - +0 robe
rPois   .          Reflect  .   (no helmet)
rElec   .          Harm     .   (no cloak)
rCorr   .          Rampage  .   (no gloves)
Will    .....                   (no boots)
Stlth   ++........              (no amulet)
HPRegen 0.03/turn               (no ring)
MPRegen 0.09/turn               (no ring)

@: no status effects
A: fangs 2, magic shield, antimagic bite, no potion heal 2
a: no special abilities


You were on level 1 of the Dungeon.
You visited 1 branch of the dungeon, and saw 1 of its levels.

You collected 32 gold pieces.

Inventory:

Missiles
 d - 6 poisoned darts
Armour
 a - a +0 robe (worn)
Scrolls
 f - a scroll of immolation {unknown}
 h - a scroll of identify {unknown}
Potions
 b - a potion of magic
 c - a potion of haste {unknown}
 e - a potion of heal wounds {unknown}
 g - a potion of mutation {unknown}
 i - a potion of flight {unknown}


   Skills:
 + Level 1.7 Dodging
 - Level 2.4 Stealth
 * Level 0.4 Unarmed Combat
 - Level 2.1 Spellcasting
 - Level 4.0 Conjurations


You had 3 spell levels left.
You knew the following spells:

 Your Spells              Type           Power      Damage    Failure   Level
a - Magic Dart            Conj           64%        1d6       3%          1

Your spell library contained the following spells:

 Spells                   Type           Power      Damage    Failure   Level
 Searing Ray              Conj           32%        2d5       4%          2
 Dazzling Flash           Conj/Hex       18%        N/A       22%         3
 Fulminant Prism          Conj/Hex       4%         3d6       58%         4
 Iskenderun's Mystic Bla  Conj/Tloc      9%         2d4       58%         4


Dungeon Overview and Level Annotations

Branches:
Dungeon (1/15)

Altars:


Innate Abilities, Weirdness & Mutations

You have extremely sharp teeth.
When hurt, damage is shared between your health and your magic reserves.
Your bite disrupts and absorbs the magic of your enemies.
Potions cannot restore your health.


Message History

The hobgoblin is moderately wounded.
The hobgoblin closely misses you.
You hit the hobgoblin. Your bite misses the hobgoblin.
The hobgoblin is heavily wounded.
The hobgoblin barely misses you.
You completely miss the hobgoblin. Your bite misses the hobgoblin.
The hobgoblin is heavily wounded.
The hobgoblin hits you.
You closely miss the hobgoblin.
The hobgoblin is heavily wounded.
The hobgoblin hits you.
You hit the hobgoblin but do no damage. Your bite misses the hobgoblin.
The hobgoblin is heavily wounded.
The hobgoblin hits you.
You closely miss the hobgoblin.
You bite the hobgoblin, but do no damage.
The hobgoblin is heavily wounded.
The hobgoblin hits you.
You hit the hobgoblin but do no damage. Your bite misses the hobgoblin.
The hobgoblin is heavily wounded.
The hobgoblin misses you.
You hit the hobgoblin but do no damage.
The hobgoblin is heavily wounded.
The hobgoblin misses you.
You closely miss the hobgoblin.
The hobgoblin is heavily wounded.
The hobgoblin hits you.
* * * LOW HITPOINT WARNING * * *
You hit the hobgoblin.
The hobgoblin is severely wounded.
The hobgoblin barely misses you.
Casting: Magic Dart (safe; 3% risk of failure)
Confirm with . or Enter, or press ? or * to list all spells.
Aiming: Magic Dart (safe; 3% risk of failure)
Press: ? - help, Shift-Dir - straight line, f - hobgoblin
Aim: a hobgoblin (severely wounded, 100% to hit)
The magic dart hits the hobgoblin.
The hobgoblin is almost dead.
The hobgoblin hits you.
You die...

#...♣♣.♣..##### #######
##..♣.♣.♣♣.÷...# ####.....#
#..♣..♣♣♣.♣♣...#
.........######..♣..♣.♣♣♣♣♣..#
.###..............♣♣..♣.♣♣♣..#
.# #.....######..♣♣.♣♣♣.♣♣...#
.# #.....# #...♣.♣♣.♣♣♣...#
.######### #.♣.♣.♣..._♣♣..#
........ #.@♣♣..♣♣♣.♣♣..#
.####### #..g♣♣♣.♣.♣♣♣..# .#
#..♣.♣♣♣♣♣.♣♣..# .# ###♣#..
###♣..# .# ..# ##.# .# ... ..
#.# ## .# ##.


You could see a hobgoblin.

Vanquished Creatures
  A hobgoblin (D:1)
  A ball python (D:1)
  A frilled lizard (D:1)
  2 kobolds (D:1)
  A rat (D:1)
6 creatures vanquished.

Notes
Turn   | Place    | Note
-------+----------+-------------------------------------------
     0 | D:1      | lyrin the Vine Stalker Conjurer began the quest for the
                  | Orb.
     0 | D:1      | Reached XP level 1. HP: 9/9 MP: 4/4
   928 | D:1      | Found a faded altar of an unknown god.
   977 | D:1      | Slain by a hobgoblin

Illustrated notes

Levels and vault maps discovered:
D:1:      dpeg_arrival_stonehenge_12_columns, layout_loops_ring,
          chequers_ecumenical_altar_grove, chequers_serial_rivers_micro_a,
          nicolae_figureground_pulse

Action                   || total
-------------------------++-------
Melee: Unarmed           ||    72
       Bite              ||    12
 Cast: Magic Dart        ||     1
 Stab: Sleeping          ||     1
Armor: Robe              ||     6
Dodge: Dodged            ||    44

Table legend: (Time is in decaauts)
 A = Elapsed time spent in this place.
 B = Non-inter-level travel time spent in this place.
 C = Inter-level travel time spent in this place.
 D = Time resting spent in this place.
 E = Time spent auto-exploring this place.
 F = Levels seen in this place.
 G = Mean time per level.
                   A        B        C        D        E       F      G
               +--------+--------+--------+--------+--------+-----+--------+
         Total |    976 |    976 |      0 |    577 |    284 |   1 |  976.0 |
       Dungeon |    976 |    976 |      0 |    577 |    284 |   1 |  976.0 |
               +--------+--------+--------+--------+--------+-----+--------+

Top non-repeatable levels by time:
     D:1: 976 daAuts
